 Dungeon Crawl Stone Soup version 0.30.1-11-g7821555f0a (webtiles) character file.

Game seed: 11552091247950907291

662 lonewolfV2 the Trooper (level 7, 0/60 HPs)
             Began as a Formicid Fighter on Nov 17, 2023.
             Was a Follower of Qazlal.
             Succumbed to a killer bee's poison
             ... on level 5 of the Dungeon.
             The game lasted 00:06:08 (3788 turns).

lonewolfV2 the Trooper (Formicid Fighter)           Turns: 3788, Time: 00:06:08

Health: 0/60       AC: 12    Str: 21    XL:     7   Next: 87%
Magic:  7/7        EV:  6    Int:  7    God:    Qazlal [*.....]
Gold:   137        SH:  6    Dex: 15    Spells: 6/6 levels left

rFire   + . .        a - +0 war axe (freeze)
rCold   + . .        c - +0 buckler
rNeg    + . .        h - +0 plate armour
rPois   +            (helmet unavailable)
rElec   +            (no cloak)
rCorr   +            j - +0 pair of gloves
SInv    +            (no boots)
Will    .....        (no amulet) Stlth
                     k - ring of positive energy
HPRegen 0.30/turn    (no ring)
MPRegen 0.10/turn

%: clarity
@: mighty, lethally poisoned (0 -> -2), resistant, invisible
A: permanent stasis, dig shafts and tunnels, antennae 3, four strong arms,
clarity, no potion heal 1, sturdy frame 1
a: Dig, Shaft Self, Renounce Religion


You were on level 5 of the Dungeon.
You worshipped Qazlal.
Qazlal was aware of your devotion.
You visited 1 branch of the dungeon, and saw 5 of its levels.

You collected 137 gold pieces.

Inventory:

Hand Weapons
 a - a +0 war axe of freezing (weapon)
Armour
 c - a +0 buckler (worn)
 h - a +0 plate armour (worn)
 j - a +0 pair of gloves (worn)
Jewellery
 k - a ring of positive energy (left hand)
Scrolls
 g - 3 scrolls of teleportation
 i - a scroll of immolation
Potions
 b - a potion of brilliance {unknown}
 l - a potion of attraction
 o - a potion of curing {unknown}
 p - a potion of experience {unknown}


   Skills:
 + Level 7.0 Fighting
 + Level 5.9 Axes
 - Level 3.2 Armour
 - Level 4.0 Shields


You had 6 spell levels left.
You didn't know any spells.
Your spell library contained the following spells:

 Spells                   Type           Power      Damage    Failure   Level
 Apportation              Tloc           0%         N/A       100%        1
 Alistair's Intoxication  Tmut/Pois      0%         N/A       100%        5


Dungeon Overview and Level Annotations

Branches:
Dungeon (5/15)
 Temple: D:4-7

Altars:
Cheibriados
Dithmenos
Elyvilon
Qazlal

Shops:
D:2 [:(

Annotations:
D:3 3 runed translucent doors, becking's ghost, amateur GnCj


Innate Abilities, Weirdness & Mutations

You cannot be hasted, slowed, berserked, paralysed or teleported.
You can dig through walls and to a lower floor.
You have a pair of large antennae on your head. (SInv)
Your four strong arms can wield two-handed weapons with a shield.
You possess an exceptional clarity of mind.
Potions are less effective at restoring your health.
Your movements are slightly less encumbered by armour. (ER -2)


Message History

You miss the killer bee.
The killer bee is moderately wounded.
You closely miss the killer bee. You barely miss the killer bee.
You feel very sick. The killer bee barely misses you.
The killer bee stings you but does no damage. x2
You block the killer bee's attack.
The killer bee stings you but does no damage.
The killer bee stings you.
* * * LOW HITPOINT WARNING * * *
You feel much better.
You feel sick.
The killer bee stings you but does no damage.
You block the killer bee's attack.
The killer bee stings you but does no damage.
The killer bee stings you. You block the killer bee's attack.
The killer bee stings you.
You feel protected.
You feel sick. The killer bee barely misses you. The killer bee stings you.
* * * LOW HITPOINT WARNING * * *
The killer bee barely misses you. You block the killer bee's attack.
The killer bee closely misses you. The killer bee stings you.
* * * LOW HITPOINT WARNING * * *
You feel very mighty all of a sudden.
You feel sick. The killer bee completely misses you.
The killer bee stings you but does no damage.
You block the killer bee's attack. The killer bee stings you!
* * * LOW HITPOINT WARNING * * *
The killer bee stings you but does no damage.
The killer bee closely misses you.
It was a potion of mutation.
You feel extremely strange.
Your system partially rejects the healing effects of potions.
Your thoughts seem clearer.
You feel less encumbered by your armour.
* * * LOW HITPOINT WARNING * * *
You feel sick. You block the killer bee's attack. x2
The killer bee stings you but does no damage. x3
You block the killer bee's attack.
It was a potion of invisibility.
You fade into invisibility!
You die...

.......#................
##.....
..##.##.......#........
##....
#.###.....##........
#.#..
#...................
..#..
#..##...............
.... ##....###.....## ..
# ##...#.#.......
#..#'#y###.....
##.#yy@..#..... .
###y###..... #....#.# ..
#.#..###. # #.......
.......... ......#....
.......##...


You could see 4 killer bees.

Vanquished Creatures
  Pargi (D:3)
  An ogre (D:5)
  A scorpion (D:4)
  A killer bee (D:5)
  2 hounds (D:5)
  2 orc priests
  An iguana (D:4)
  2 orc wizards (D:5)
  8 adders
  A shadow imp (D:5)
  2 worms
  4 dart slugs
  10 orcs
  11 ball pythons
  7 bats
  7 endoplasms
  4 giant cockroaches
  3 goblins
  11 hobgoblins
  6 quokkas
  3 frilled lizards
  6 kobolds
  5 rats
99 creatures vanquished.

Vanquished Creatures (others)
  A butterfly (D:4)
1 creature vanquished.

Grand Total: 100 creatures vanquished

Notes
Turn   | Place    | Note
-------+----------+-------------------------------------------
     0 | D:1      | lonewolfV2 the Formicid Fighter began the quest for the
                  | Orb.
     0 | D:1      | Reached XP level 1. HP: 18/18 MP: 1/1
    74 | D:1      | Reached XP level 2. HP: 20/24 MP: 2/2
   555 | D:1      | Reached XP level 3. HP: 30/30 MP: 3/3
   855 | D:2      | Reached skill level 4 in Fighting
  1148 | D:2      | Reached XP level 4. HP: 35/37 MP: 4/4
  1185 | D:2      | Found Fiadorgha's Weapon Boutique.
  1206 | D:2      | Found a stormy altar of Qazlal.
  1223 | D:2      | Became a worshipper of Qazlal Stormbringer
  1314 | D:2      | Found Suhucrysm's Book Emporium.
  1353 | D:2      | Found Lopnoin's Armour Shoppe.
  1748 | D:3      | Noticed Pargi
  1768 | D:3      | Killed Pargi
  1769 | D:3      | Reached skill level 5 in Fighting
  1769 | D:3      | Reached XP level 5. HP: 24/44 MP: 5/5
  1960 | D:3      | Reached XP level 6. HP: 50/51 MP: 6/6
  2145 | D:3      | Found a snail-covered altar of Cheibriados.
  2165 | D:3      | Reached * piety under Qazlal
  2214 | D:3      | Found a runed translucent gate.
  2214 | D:3      | Found a runed translucent gate.
  2214 | D:3      | Found a runed translucent gate.
  2216 | D:3      | Noticed becking's ghost (amateur GnCj)
  2929 | D:4      | Reached skill level 6 in Fighting
  3016 | D:4      | Reached skill level 5 in Axes
  3130 | D:4      | Found a white marble altar of Elyvilon.
  3178 | D:4      | Reached XP level 7. HP: 55/58 MP: 7/7
  3384 | D:4      | Found a shadowy altar of Dithmenos.
  3574 | D:5      | Entered Level 5 of the Dungeon
  3778 | D:5      | Reached skill level 7 in Fighting
  3786 | D:5      | HP: 2/60 [killer bee (8)]
  3787 | D:5      | Gained mutation: Potions are less effective at restoring
                  | your health. [potion of mutation]
  3787 | D:5      | Gained mutation: You possess an exceptional clarity of
                  | mind. [potion of mutation]
  3787 | D:5      | Gained mutation: Your movements are slightly less
                  | encumbered by armour. (ER -2) [potion of mutation]
  3788 | D:5      | Succumbed to a killer bee's poison

Illustrated notes

Levels and vault maps discovered:
D:1:      ncdulo_watergridlock, layout_loops_ring, kennysheep_nondescript
D:2:      layout_basic, basic_altar, serial_shops,
          nicolae_shop_temple_entry_statues_fountains, shop, nicolae_shop_trees
D:3:      layout_loops_ring, mainiacjoe_overflow_cross_hatched,
          gammafunk_ghost_necromancy, grunt_ministairs_4, uniq_pargi
D:4:      layout_basic, lemuel_coloured_pillars_altar,
          nicolae_elyvilon_peaceful_grove
D:5:      layout_cave_pools, kennysheep_cross_bottleneck,
          minmay_a_box_with_orc_wizards_in_it

Skill      XL: |  1  2  3  4  5  6  7 |
---------------+----------------------+-----
Fighting       | 4 5 6 7 |  7.0
Axes           | 3 4 5 |  5.9
Armour         | |  3.2
Shields        | |  4.0

Action                     |  1- 3 |  4- 6 |  7- 9 || total
---------------------------+-------+-------+-------++-------
  Melee: War axe           |    83 |   135 |    44 ||   262
    Use: Scroll            |     6 |     4 |       ||    10
         Potion            |       |       |     7 ||     7
 Armour: Scale mail        |    19 |       |       ||    19
         Plate armour      |    28 |   105 |    66 ||   199
  Dodge: Dodged            |    30 |    37 |    26 ||    93
  Block: Buckler           |    20 |    47 |    28 ||    95
